 Dungeon Crawl Stone Soup version 0.22-a0-402-ga933591 (webtiles) character file.

1055 Borgoz the Cutter (level 8, -1/51 HPs)
             Began as a Gargoyle Monk on May 6, 2018.
             Slain by a mummy (12 damage)
             ... in an ossuary.
             The game lasted 00:11:57 (6144 turns).

Borgoz the Cutter (Gargoyle Monk)                   Turns: 6144, Time: 00:11:58

Health: -1/51      AC: 11    Str: 14      XL:     8   Next: 26%
Magic:  8/8        EV: 14    Int: 12      God:
Gold:   265        SH:  0    Dex:  7 (14) Spells: 7/7 levels left

rFire    . . .     SeeInvis .   a - +1 short sword
rCold    . . .     Gourm    .   (no shield)
rNeg     + . .     Faith    .   i - +0 leather armour
rPois    ∞         Spirit   .   (no helmet)
rElec    +         Reflect  .   (no cloak)
rCorr    .         Harm     .   d - +2 pair of gloves
MR       .....                  (no boots)
Stlth    +++.......             b - amulet of regeneration
HPRegen  0.57/turn              e - ring of stealth
MPRegen  0.11/turn              s - +2 ring of evasion

@: no status effects
A: negative energy resistance 1, electricity resistance, unbreathing,
petrification resistance, rot immunity, AC +5
a: no special abilities


You were in an ossuary.
You were not hungry.

You visited 1 branch of the dungeon, and saw 6 of its levels.
You also visited: Ossuary.

You collected 265 gold pieces.

Inventory:

Hand Weapons
 a - a +1 short sword (weapon)
Armour
 d - a +2 pair of gloves (worn)
 i - a +0 leather armour (worn)
Jewellery
 b - an amulet of regeneration (around neck)
 e - a ring of stealth (left hand)
 k - an uncursed ring of positive energy
 l - an uncursed ring of protection from magic
 s - a +2 ring of evasion (right hand)
Wands
 o - a wand of iceblast (6)
Scrolls
 f - a scroll of magic mapping
 j - a scroll of immolation {unknown}
 m - 2 scrolls of identify {unknown}
 n - a scroll of fog {unknown}
Comestibles
 c - 7 rations


   Skills:
 + Level 5.7 Fighting
 * Level 5.9 Short Blades
 + Level 4.2 Dodging
 + Level 5.4 Stealth


You had 7 spell levels left.
You didn't know any spells.

Dungeon Overview and Level Annotations

Branches:
Dungeon (8/15)
 Temple: D:4-7         Lair: D:8-11

Altars:
Dithmenos
Fedhas
Okawaru


Innate Abilities, Weirdness & Mutations

You are resistant to torment.
Your stone body is resilient. (AC +5)
You are immune to poison.
You resist negative energy. (rN+)
You are resistant to electric shocks. (rElec)
You can survive without breathing.
You are immune to petrification.
You are immune to rotting.


Message History

The mummy closely misses you. The mummy barely misses you.
Your surroundings seem slightly different.
The mummy hits you.
* * * LOW HITPOINT WARNING * * *
You hit the mummy.
The mummy is almost destroyed.
You barely miss the mummy.
The mummy is almost destroyed.
The mummy misses you. x2
You barely miss the mummy.
The mummy is almost destroyed.
The mummy hits you.
* * * LOW HITPOINT WARNING * * *
You hit the mummy.
The mummy is almost destroyed.
The mummy closely misses you. The mummy hits you but does no damage.
You hit the mummy.
You destroy the mummy!
The mummy barely misses you. The mummy hits you!
You die...

####
#..######
##....@.#
#...∩.MM+
##......#
#..######
####


You could see 2 mummies.

Vanquished Creatures
  The ghost of Mgcat the Slinger, a novice HaHu of Gozag (D:4)
  2 phantoms (D:4)
  A hornet zombie (D:8)
  Blork the orc (D:5)
  A quasit (D:3)
  2 orc wizards (D:5)
  A centaur skeleton (D:4)
  An iguana (D:4)
  3 worker ants
  A mummy (Ossuary)
  8 adders
  3 howler monkey skeletons
  3 oozes
  6 worms
  3 dart slugs
  8 leopard geckos
  8 orcs
  3 ball pythons
  13 giant cockroaches
  7 goblins
  7 hobgoblins
  5 jackals
  A quokka (D:5)
  7 bats
  3 frilled lizards
  4 kobolds (D:2)
  12 rats
115 creatures vanquished.

Notes
Turn   | Place    | Note
-------+----------+-------------------------------------------
     0 | D:1      | Borgoz the Gargoyle Monk began the quest for the Orb.
     0 | D:1      | Reached XP level 1. HP: 14/14 MP: 1/1
    93 | D:1      | Reached XP level 2. HP: 17/19 MP: 2/2
   334 | D:1      | Reached XP level 3. HP: 16/24 MP: 3/3
   900 | D:2      | Reached XP level 4. HP: 13/29 MP: 4/4
  1975 | D:3      | Found a shadowy altar of Dithmenos.
  1975 | D:3      | Found a blossoming altar of Fedhas.
  2304 | D:3      | Reached XP level 5. HP: 18/33 MP: 5/5
  2706 | D:3      | Lost dexterity.
  3922 | D:5      | Entered Level 5 of the Dungeon
  3978 | D:4      | HP: 1/34 [worker ant (5)]
  3979 | D:4      | Reached XP level 6. HP: 1/39 MP: 6/6
  4285 | D:4      | Noticed a phantom
  4296 | D:4      | Found an iron altar of Okawaru.
  4345 | D:4      | Killed a phantom
  4376 | D:4      | Noticed a phantom
  4842 | D:4      | Killed a phantom
  4842 | D:4      | Reached XP level 7. HP: 37/44 MP: 7/7
  4934 | D:4      | Reached skill level 5 in Fighting
  5421 | D:4      | Noticed Mgcat's ghost (novice HaHu)
  5558 | D:4      | Killed Mgcat's ghost
  5558 | D:4      | Reached skill level 5 in Short Blades
  5558 | D:4      | Reached skill level 5 in Stealth
  5786 | D:5      | Reached XP level 8. HP: 50/50 MP: 8/8
  5808 | D:5      | Noticed Blork the orc
  5841 | D:5      | Killed Blork the orc
  5982 | D:5      | You fall through a shaft for 3 floors!
  6110 | D:8      | Found a sand-covered staircase.
  6115 | Ossuary  | Entered an ossuary
  6144 | Ossuary  | Slain by a mummy

Vault maps used:
D:1:      lordsloth_arrival_two_stooges
D:2:      minmay_roachtagon
D:3:      grunt_temple_overflow_open
D:4:      okawaru_gym_becter, minmay_misc_feat_iff
D:5:      first_ration, uniq_blork_the_orc, uniq_prince_ribbit1
D:8:      enter_ossuary_2
Ossuary:  ossuary_minmay_chase

Skill      XL: |  1  2  3  4  5  6  7 |
---------------+----------------------+-----
Short Blades   | 3 4 5 |  5.9
Stealth        | 3 4 5 |  5.4
Fighting       | 4 5 |  5.7
Dodging        | 3 4 |  4.2

Action                   |  1- 3 |  4- 6 |  7- 9 || total
-------------------------+-------+-------+-------++-------
Melee: Short sword       |    52 |   298 |   384 ||   734
       Dagger            |   158 |   343 |       ||   501
  Use: Scroll            |       |     6 |     2 ||     8
       Potion            |       |     7 |     1 ||     8
 Stab: Sleeping          |     8 |     4 |     5 ||    17
       Distracted        |       |     2 |       ||     2
  Eat: Chunk             |       |    13 |     5 ||    18
       Ration            |       |     1 |       ||     1
Armor: Robe              |    75 |    51 |       ||   126
       Leather armour    |       |   348 |   135 ||   483
Dodge: Dodged            |   136 |   429 |   194 ||   759

Table legend:
 A = Spawn XP
 B = Non-spawn XP
 C = Spawn XP percentage of total XP
 D = Spawn monster count
 E = Non-spawn monster count
 F = Spawn count percentage of total count
 G = Total turns spent on level
                    A         B        C        D         E        F      G
               +---------+---------+-------+---------+---------+-------+---------
         Total |       0 |    1508 |   0.0 |       0 |     115 |   0.0 |  6144
               +---------+---------+-------+---------+---------+-------+---------
           D:1 |       0 |      37 |   0.0 |       0 |      18 |   0.0 |   446
           D:2 |       0 |      90 |   0.0 |       0 |      26 |   0.0 |  1452
           D:3 |       0 |     147 |   0.0 |       0 |      32 |   0.0 |  1952
           D:4 |       0 |     822 |   0.0 |       0 |      20 |   0.0 |  1742
           D:5 |       0 |     255 |   0.0 |       0 |      16 |   0.0 |   390
           D:8 |       0 |     139 |   0.0 |       0 |       2 |   0.0 |   133
       Ossuary |       0 |      18 |   0.0 |       0 |       1 |   0.0 |    29
               +---------+---------+-------+---------+---------+-------+---------
